 Dungeon Crawl Stone Soup version 0.25-a0-544-gee0576305d (webtiles) character file.

Game seed: 15916501093612877092, levelgen mode: deterministic

230507 Emblim88 the Warrior (level 18, -24/163 HPs)
             Began as a Minotaur Fighter on Feb 20, 2020.
             Was a High Priest of Qazlal.
             Annihilated by a reaper
             ... wielding a +0 scythe of venom
              (30 damage)
             ... on level 2 of the Abyss.
             The game lasted 02:23:23 (40644 turns).

Emblim88 the Warrior (Minotaur Fighter)            Turns: 40644, Time: 02:23:23

Health: -24/163    AC: 29    Str: 28      XL:     18   Next: 76%
Magic:  0/28       EV:  6    Int:  5      God:    Qazlal [*****.]
Gold:   1462       SH: 26    Dex:  4 (6)  Spells: 17/17 levels left

rFire    . . .     SeeInvis .   e - +5 spear of Conscience {holy, +Inv rPois Stlth-}
rCold    + + +     Gourm    .   n - +0 tower shield
rNeg     . . .     Faith    .   z - +3 plate armour {MR+}
rPois    +         Spirit   +   (helmet restricted)
rElec    +         Reflect  .   P - +2 cloak {rC+}
rCorr    .         Harm     .   K - +2 pair of gloves
MR       ++...                  b - +0 pair of boots
Stlth    ..........             y - amulet of guardian spirit
HPRegen  0.37/turn              T - ring "Ashiuwobb" {rElec rF+ rC+ Dex-5 Stlth+}
MPRegen  0.21/turn              r - ring of ice

@: about to teleport, afraid, protected from physical damage, heavily drained,
repel missiles
A: retaliatory headbutt, horns 2
}: 1/15 runes: serpentine
a: Upheaval, Elemental Force, Disaster Area, Renounce Religion, Evoke
Invisibility


You were on level 2 of the Abyss.
You worshipped Qazlal.
Qazlal was extremely pleased with you.
You were not hungry.

You visited 6 branches of the dungeon, and saw 29 of its levels.
You visited the Abyss 1 time.
You also visited: Gauntlet and Ice Cave.

You collected 3512 gold pieces.
You spent 2005 gold pieces at shops.
You donated 45 gold pieces to Zin.

Inventory:

Hand Weapons
 e - the +5 spear of Conscience (weapon) {holy, +Inv rPois Stlth-}
   (You found it on level 1 of the Lair of Beasts)

   It has been blessed by the Shining One to cause great damage to the undead
   and demons.
   It protects you from poison.
   It lets you turn invisible.
   It makes you less stealthy.
 I - the +2 trident "Yhuqiel" {pain, *Rage rF++ Dex+5}
   (You took it off an orc on level 7 of the Dungeon)

   In the hands of one skilled in necromantic magic, it inflicts extra damage on
   living creatures.
   It affects your dexterity (+5).
   It greatly protects you from fire.
   It may make you go berserk in combat.
Missiles
 p - 96 poisoned darts
 F - 19 boomerangs (quivered)
 U - 16 silver javelins
Armour
 b - a +0 pair of boots (worn)
 n - a +0 tower shield (worn)
 z - a +3 plate armour of magic resistance (worn)
 K - a +2 pair of gloves (worn)
 O - a +3 buckler of reflection
 P - a +2 cloak of cold resistance (worn)
Jewellery
 k - a +2 ring of intelligence
 m - an uncursed ring of resist corrosion
 r - a ring of ice (right hand)
 y - an amulet of guardian spirit (around neck)
 E - an uncursed ring of protection from fire
 T - the ring "Ashiuwobb" (left hand) {rElec rF+ rC+ Dex-5 Stlth+}
   (You bought it in a shop on level 1 of the Snake Pit)

   [ring of stealth]

   It affects your dexterity (-5).
   It protects you from fire.
   It protects you from cold.
   It insulates you from electricity.
   It makes you more stealthy.
Wands
 a - a wand of paralysis (1)
 o - a wand of digging (16)
 G - a wand of flame (53)
 N - a wand of iceblast (50)
 R - a wand of random effects (57)
 V - a wand of clouds (6)
 Y - a wand of polymorph (20)
Scrolls
 c - 6 scrolls of enchant weapon
 d - 2 scrolls of identify
 h - 8 scrolls of teleportation
 i - 3 scrolls of fear
 s - 5 scrolls of immolation
 u - a scroll of silence
 v - 2 scrolls of blinking
 x - 2 scrolls of holy word
 B - 8 scrolls of amnesia
 J - 4 scrolls of fog
 L - 8 scrolls of remove curse
 M - a scroll of brand weapon
 W - 3 scrolls of magic mapping
Potions
 g - 4 potions of mutation
 j - a potion of berserk rage
 l - 6 potions of curing
 q - a potion of cancellation
 t - 3 potions of flight
 w - a potion of ambrosia
 A - 4 potions of lignification
 C - a potion of magic
 D - 7 potions of brilliance
 Q - 4 potions of stabbing
 Z - a potion of resistance
Comestibles
 f - 45 rations
 H - 10 chunks of flesh


   Skills:
 + Level 15.2(11.7) Fighting
 + Level 13.9(10.6) Polearms
 - Level 1.9(0.0) Throwing
 + Level 14.1(10.8) Armour
 + Level 12.8(9.5) Dodging
 + Level 14.2(10.8) Shields
 - Level 8.2(5.3) Unarmed Combat
 * Level 14.8(11.4) Invocations
 + Level 11.5(8.4) Evocations


You had 17 spell levels left.
You didn't know any spells.
Your spell library contained the following spells:

 Spells                   Type           Power        Failure   Level  Hunger
 Apportation              Tloc           #.....       100%        1    ##.....
 Beastly Appendage        Tmut           #.....       100%        1    ##.....
 Corona                   Hex            #......      100%        1    ##.....
 Foxfire                  Conj/Fire      #...         100%        1    ##.....
 Freeze                   Ice            #...         100%        1    ##.....
 Magic Dart               Conj           #...         100%        1    ##.....
 Shock                    Conj/Air       #...         100%        1    ##.....
 Summon Butterflies       Summ           #.......     100%        1    ##.....
 Blink                    Tloc           N/A          100%        2    ###....
 Ensorcelled Hibernation  Hex/Ice        #.....       100%        2    ###....
 Poisonous Vapours        Pois/Air       #.....       100%        2    ###....
 Searing Ray              Conj           #.....       100%        2    ###....
 Shroud of Golubria       Chrm/Tloc      #.....       100%        2    ###....
 Slow                     Hex            #.......     100%        2    ###....
 Sticks to Snakes         Tmut           #.......     100%        2    ###....
 Swiftness                Chrm/Air       #.......     100%        2    ###....
 Confusing Touch          Hex            #.......     100%        3    ####...
 Conjure Flame            Conj/Fire      #.......     100%        3    ####...
 Dazzling Flash           Conj/Hex       #.....       100%        3    ####...
 Frozen Ramparts          Ice            #.....       100%        3    ####...
 Gell's Gravitas          Tloc           #.........   100%        3    ####...
 Inner Flame              Hex/Fire       #.......     100%        3    ####...
 Lesser Beckoning         Tloc           #.........   100%        3    ####...
 Ozocubu's Armour         Chrm/Ice       #.......     100%        3    ####...
 Portal Projectile        Hex/Tloc       #.....       100%        3    ####...
 Spider Form              Tmut/Pois      #.........   100%        3    ####...
 Static Discharge         Conj/Air       #.......     100%        3    ####...
 Teleport Other           Tloc           #.......     100%        3    ####...
 Tukima's Dance           Hex            #.......     100%        3    ####...
 Airstrike                Air            #.........   100%        4    #####..
 Cause Fear               Hex            #.........   100%        4    #####..
 Fulminant Prism          Conj/Hex       #.........   100%        4    #####..
 Hailstorm                Conj/Ice       #.......     100%        4    #####..
 Ice Form                 Ice/Tmut       #.......     100%        4    #####..
 Iskenderun's Mystic Bla  Conj/Tloc      #.......     100%        4    #####..
 Leda's Liquefaction      Hex/Erth       #.........   100%        4    #####..
 Passage of Golubria      Tloc           N/A          100%        4    #####..
 Petrify                  Tmut/Erth      #.......     100%        4    #####..
 Sticky Flame             Conj/Fire      #.......     100%        4    #####..
 Summon Ice Beast         Ice/Summ       #.......     100%        4    #####..
 Alistair's Intoxication  Tmut/Pois      #.......     100%        5    ######.
 Blade Hands              Tmut           #.........   100%        5    ######.
 Fireball                 Conj/Fire      #.........   100%        5    ######.
 Lightning Bolt           Conj/Air       #.........   100%        5    ######.
 Metabolic Englaciation   Hex/Ice        #.........   100%        5    ######.
 Silence                  Hex/Air        #.........   100%        5    ######.
 Yara's Violent Unravell  Hex/Tmut       #.........   100%        5    ######.
 Conjure Ball Lightning   Conj/Air       #.........   100%        6    #######
 Deflect Missiles         Chrm/Air       #.........   100%        6    #######
 Invisibility             Hex            #.......     100%        6    #######
 Malign Gateway           Summ/Tloc      #.........   100%        7    #######
 Monstrous Menagerie      Summ           #.........   100%        7    #######
 Summon Greater Demon     Summ           #.........   100%        7    #######
 Discord                  Hex            #.........   100%        8    #######
 Summon Horrible Things   Summ           #.........   100%        8    #######


Dungeon Overview and Level Annotations

Branches:
Dungeon (15/15)            Temple (1/1) D:5            Lair (6/6) D:10
  Swamp (1/4) Lair:4        Snake (4/4) Lair:4        Slime (0/5) Lair:6
    Orc (2/2) D:10            Elf (0/3) Orc:2        Vaults (0/5) D:14
 Depths (0/5) D:15          IceCv (visited)         Gauntlet (visited)

Altars:
Ashenzari
Cheibriados
Dithmenos
Elyvilon
Fedhas
Gozag
Hepliaklqana
Kikubaaqudgha
Makhleb
Nemelex Xobeh
Okawaru
Qazlal
Ru
Sif Muna
Trog
Uskayaw
Vehumet
Wu Jian
Xom
Yredelemnul
Zin
The Shining One
Beogh
Jiyva

Shops:
D:13 %   Orc:2 *?**   Snake:1 =}=

Annotations:
D:5 1 runed translucent door, Crazy Yiuf
D:11 1 runed translucent door
Swamp:1 Louise
Snake:2 2 transporters, Lewno's ghost, journeyman DsBe


Innate Abilities, Weirdness & Mutations

You reflexively headbutt those who attack you in melee.
You have a pair of horns on your head.


Message History

You feel sick.
You block the small abomination's attack.
You block the eidolon's attack. The eidolon hits you!
* * * LOW HITPOINT WARNING * * *
You feel better.
The small abomination hits you but does no damage.
You block the reaper's attack. The eidolon hits you!
* * * LOW HITPOINT WARNING * * *
You block the eidolon's attack.
Found a gateway leading deeper into the Abyss.
You attempt to attack the eidolon, but flinch away in fear!
You block the small abomination's attack.
You attempt to attack the eidolon, but flinch away in fear!
The eidolon stares piercingly at you. The bolt of negative energy hits you!!
You feel drained.
* * * LOW HITPOINT WARNING * * *
The bolt of negative energy hits the small abomination.
The small abomination completely resists.
The reaper hits you from afar with a +0 scythe of venom!!
You die...

≈ ≈. ≈ #. .
≈ #. . ≈ ≈
#> ♣♣ ♣♣
... #. ♣♣♣♣
♣♣.. . #§
♣.#♣#♣ ...≈
######.
....#♣ ..
...
#.....○♣x#♣
.. .
#.@#♣.. . .
. #W#.2.§§
..# .#.. #.
......#. #
#.#.#..§.#.
# #.
####### #
... ≈≈§ ≈..
§ #≈


You could see a reaper, an eidolon and a small abomination.

Vanquished Creatures
  Jorgrun (Lair:4)
  10 nagarajas
  A very ugly thing (Swamp:1)
  2 entropy weavers (D:12)
  A minotaur (Gauntlet)
  A dire elephant (Lair:4)
  2 ogre magi
  Harold (D:8)
  18 naga warriors
  A ghost crab (Swamp:1)
  7 hydras
  An ice dragon (Lair:6)
  13 two-headed ogres
  14 anacondas
  A death knight (D:15)
  6 centaur warriors
  3 alligators (Swamp:1)
  A queen ant (D:12)
  2 tengu warriors
  6 death yaks
  14 naga sharpshooters
  3 orc high priests (Orc:2)
  3 shock serpents
  Urug (Lair:2)
  A wretched star (Gauntlet)
  A spriggan (Swamp:1)
  Nergalle (Lair:3)
  2 salamander mystics
  A hell knight (D:15)
  7 unseen horrors
  7 naga ritualists
  A swamp dragon (Swamp:1)
  3 sea snakes (Snake:1)
  A harpy (shapeshifter) (D:14)
  A phantasmal warrior (D:15)
  2 lindwurms
  An orc knight (D:14)
  10 mana vipers
  2 orc sorcerers (Orc:2)
  2 cyclopes
  A necromancer (IceCv)
  An oklob plant (Lair:1)
  A wolf spider (Lair:6)
  A deep elf mage (D:12)
  4 salamanders
  3 centaur zombies
  7 ugly things
  Maurice (D:12)
  An ice statue (IceCv)
  19 guardian serpents
  A moth of wrath (Gauntlet)
  4 gargoyles
  A smoke demon (Abyss:2)
  34 black mambas
  13 elephants
  13 naga magi
  5 torpor snails (Lair:6)
  A kobold demonologist (D:14)
  14 spiny frogs
  Maggie (D:8)
  12 freezing wraiths
  9 komodo dragons
  5 yaktaurs
  A rime drake (shapeshifter) (D:14)
  A redback zombie (D:15)
  An ancient zyme (Abyss:2)
  6 rime drakes
  A tengu conjurer (D:10)
  3 meliai (D:15)
  4 trolls
  A tyrant leech (shapeshifter) (D:15)
  5 tyrant leeches
  3 polar bears (D:13)
  A wolf spider simulacrum (IceCv)
  A raiju (Abyss:2)
  4 slime creatures (D:12)
  11 hornets
  20 blink frogs
  9 hippogriffs
  4 dream sheep (Lair:6)
  6 redbacks
  A wraith (D:15)
  37 yaks
  A water elemental (D:12)
  17 wyverns
  A ynoxinul (Abyss:2)
  4 basilisks
  A shadow (D:15)
  2 vampires
  12 vampire mosquitoes
  A neqoxec (Gauntlet)
  Grum (Lair:1)
  A steam dragon (D:13)
  3 death yak simulacra (IceCv)
  9 insubstantial wisps (Swamp:1)
  4 wargs
  47 nagas
  19 soldier ants (D:12)
  21 water moccasins
  An acid dragon (D:14)
  6 porcupines
  8 ice beasts
  24 orc warriors
  4 sky beasts
  A phantom (D:8)
  A necrophage (D:9)
  A black bear (D:10)
  An eye of draining (D:12)
  5 centaurs
  9 ogres
  9 wolves
  9 crocodiles
  17 bullfrogs
  5 big kobolds
  2 wyvern zombies
  A hornet simulacrum (D:15)
  2 wyvern skeletons
  3 scorpions
  4 killer bees
  10 electric eels
  10 howler monkeys
  A bullfrog zombie (D:11)
  10 crimson imps
  3 draconian simulacra (IceCv)
  17 jellies
  30 orc priests
  8 hounds
  4 bullfrog skeletons
  4 centaur skeletons
  A gnoll shaman (D:8)
  25 orc wizards
  Jessica (D:2)
  Ijyb (D:5)
  2 iguanas
  35 worker ants
  Natasha (twice) (D:2)
  2 spriggan simulacra (IceCv)
  5 troll simulacra (IceCv)
  A small abomination (Gauntlet)
  4 centaur simulacra (IceCv)
  2 hound skeletons
  A howler monkey zombie (D:6)
  A worker ant zombie (D:11)
  16 gnolls
  16 adders
  3 naga simulacra (IceCv)
  3 ogre simulacra (IceCv)
  8 shadow imps
  12 white imps (IceCv)
  6 oozes
  2 adder skeletons
  An adder zombie (D:6)
  A worm (D:6)
  5 leopard geckos
  73 orcs
  7 giant cockroaches
  4 hobgoblins
  16 jackals
  8 quokkas
  6 bats
  3 frilled lizards
  4 goblins
  12 kobolds
  A quokka skeleton (D:4)
  A quokka zombie (D:9)
  6 rats
  2 plants
1081 creatures vanquished.

Vanquished Creatures (collateral kills)
  A naga mage (Snake:4)
  2 nagas (Snake:4)
3 creatures vanquished.

Vanquished Creatures (others)
  A naga warrior (Snake:3)
  A centaur warrior (D:11)
  An ogre mage (D:15)
  2 naga sharpshooters
  An alligator (Swamp:1)
  An orc high priest (Orc:2)
  2 cyclopes (D:14)
  A naga mage (Snake:2)
  5 yaktaurs
  A tyrant leech (Swamp:1)
  3 nagas
  4 centaurs
  An orc wizard (Orc:2)
  2 orcs (Orc:2)
  2 bushes (Lair:6)
  43 fungi
  53 plants
  8 toadstools (Lair:4)
  2 withered plants (Gauntlet)
134 creatures vanquished.

Grand Total: 1218 creatures vanquished

Notes
Turn   | Place    | Note
-------+----------+-------------------------------------------
     0 | D:1      | Emblim88 the Minotaur Fighter began the quest for the Orb.
     0 | D:1      | Reached XP level 1. HP: 19/19 MP: 0/0
   677 | D:1      | Reached XP level 2. HP: 23/27 MP: 1/1
   998 | D:2      | Reached skill level 1 in Dodging
  1024 | D:2      | Noticed Jessica
  1031 | D:2      | Killed Jessica
  1031 | D:2      | Reached skill level 4 in Fighting
  1031 | D:2      | Reached XP level 3. HP: 31/33 MP: 2/2
  1135 | D:2      | Found a shattered altar of Ashenzari.
  1199 | D:2      | Reached XP level 4. HP: 36/40 MP: 3/3
  1267 | D:2      | Noticed Natasha
  1277 | D:2      | Killed Natasha
  1378 | D:2      | Noticed Natasha
  1386 | D:2      | Killed Natasha
  1386 | D:2      | Reached XP level 5. HP: 35/47 MP: 4/4
  1475 | D:3      | Found a shimmering altar of Xom.
  1532 | D:3      | Found a sparkling altar of Nemelex Xobeh.
  2069 | D:4      | Found a burning altar of Makhleb.
  2103 | D:4      | You fall into a shaft and drop 1 floor!
  2103 | D:5      | Entered Level 5 of the Dungeon
  2293 | D:4      | Reached XP level 6. HP: 47/55 MP: 5/5
  2437 | D:4      | Reached skill level 5 in Shields
  2441 | D:4      | Reached skill level 5 in Fighting
  2441 | D:4      | Reached skill level 5 in Armour
  3126 | D:5      | Found a hide-covered altar of Uskayaw.
  3135 | D:5      | Reached XP level 7. HP: 61/61 MP: 6/6
  3366 | D:5      | Noticed Ijyb
  3368 | D:5      | Found a staircase to the Ecumenical Temple.
  3387 | D:5      | Killed Ijyb
  3717 | D:5      | Found a runed translucent door.
  3718 | D:5      | Noticed Crazy Yiuf
  4268 | D:6      | Reached skill level 5 in Polearms
  4720 | D:6      | Reached skill level 6 in Fighting
  4874 | D:6      | Reached XP level 8. HP: 68/70 MP: 7/7
  5154 | D:6      | Noticed a gargoyle
  5161 | D:6      | Killed a gargoyle
  5632 | D:7      | Reached skill level 5 in Dodging
  5810 | D:7      | Identified the cursed +2 trident "Yhuqiel" {pain, *Rage
                  | rF++ Dex+5}
  6551 | D:7      | Reached skill level 7 in Fighting
  6955 | Temple   | Entered the Ecumenical Temple
  7225 | Temple   | Became a worshipper of Zin the Law-Giver
  7225 | Temple   | Reached * piety under Zin
  7225 | Temple   | Reached ** piety under Zin
  7402 | D:8      | Noticed Harold
  7417 | D:8      | Was placed under penance by Zin
  7433 | D:8      | Killed Harold
  7433 | D:8      | Reached XP level 9. HP: 24/79 MP: 7/9
  7693 | D:7      | Fell from the grace of Zin
  7973 | Temple   | Became a worshipper of Qazlal Stormbringer
  8254 | D:8      | Noticed Maggie
  8272 | D:8      | Killed Maggie
  8624 | D:8      | Found an iron altar of Okawaru.
  8709 | D:8      | Reached skill level 8 in Fighting
  9015 | D:8      | Reached * piety under Qazlal
  9015 | D:8      | Reached XP level 10. HP: 88/88 MP: 12/12
  9631 | D:9      | Found a shadowy altar of Dithmenos.
  9661 | D:9      | Reached skill level 5 in Invocations
  9715 | D:9      | Found a hide-covered altar of Uskayaw.
 10389 | D:10     | Entered Level 10 of the Dungeon
 10453 | D:10     | Reached ** piety under Qazlal
 10469 | D:10     | Reached skill level 1 in Unarmed Combat
 10587 | D:10     | Found an iron altar of Okawaru.
 10673 | D:10     | Noticed a tengu warrior
 10689 | D:10     | Killed a tengu warrior
 10689 | D:10     | Reached skill level 9 in Fighting
 10705 | D:10     | Reached XP level 11. HP: 97/97 MP: 14/14
 11030 | D:10     | Found a staircase to the Orcish Mines.
 11204 | D:10     | Noticed a two-headed ogre
 11211 | D:10     | Killed a two-headed ogre
 11369 | D:10     | Found a staircase to the Lair.
 11597 | D:11     | Reached *** piety under Qazlal
 11612 | D:11     | Killed an unseen horror
 11745 | D:11     | Found a runed translucent door.
 11864 | D:11     | Noticed a green ugly thing
 11877 | D:11     | Killed a green ugly thing
 11927 | D:11     | Noticed a centaur warrior
 11933 | D:11     | Killed a centaur warrior
 11953 | D:11     | Noticed a two-headed ogre
 11975 | D:11     | Noticed a centaur warrior
 12123 | D:11     | Killed a centaur warrior
 12306 | D:11     | Reached skill level 10 in Shields
 12453 | D:11     | Noticed a two-headed ogre
 12459 | D:11     | Killed a two-headed ogre
 12459 | D:11     | Reached skill level 10 in Fighting
 12515 | D:11     | Found a runed translucent door.
 12520 | D:11     | Reached XP level 12. HP: 106/106 MP: 17/17
 12568 | D:11     | Noticed a two-headed ogre
 12581 | D:11     | Killed a two-headed ogre
 12581 | D:11     | Reached skill level 10 in Armour
 12589 | D:11     | Killed a two-headed ogre
 12598 | D:11     | Noticed a five-headed hydra
 12605 | D:11     | Reached **** piety under Qazlal
 12606 | D:11     | Killed a five-headed hydra
 12636 | D:11     | Reached skill level 5 in Unarmed Combat
 13011 | D:11     | Identified the Papyrus of the Feathery Traveller
 13302 | D:12     | Reached skill level 10 in Polearms
 13339 | D:12     | Noticed a five-headed hydra
 13347 | D:12     | Killed a five-headed hydra
 13380 | D:12     | Noticed a two-headed ogre
 13387 | D:12     | Killed a two-headed ogre
 13904 | D:12     | Noticed Maurice
 13905 | D:12     | Noticed an entropy weaver
 13911 | D:12     | Noticed an entropy weaver
 13916 | D:12     | Noticed a queen ant
 13929 | D:12     | Killed an entropy weaver
 13932 | D:12     | Killed Maurice
 13932 | D:12     | Reached ***** piety under Qazlal
 13943 | D:12     | Killed an entropy weaver
 14174 | D:12     | Reached XP level 13. HP: 115/115 MP: 19/19
 14349 | D:12     | Got a warped whip
 14564 | D:12     | Reached skill level 10 in Invocations
 14873 | D:12     | Identified the +7 whip "Elynysam" {venom, rPois rC+ MP-9
                  | Str+9} (You found it on level 12 of the Dungeon)
 15009 | D:13     | Reached skill level 11 in Fighting
 15075 | D:13     | Found a frozen archway.
 15144 | IceCv    | Entered an ice cave
 15789 | IceCv    | Reached ****** piety under Qazlal
 15808 | IceCv    | Found an ancient bone altar of Kikubaaqudgha.
 16375 | D:13     | Reached skill level 10 in Dodging
 17037 | D:13     | Found Qoydofad's Food Boutique.
 17215 | Lair:1   | Entered Level 1 of the Lair of Beasts
 17598 | Lair:1   | Noticed Grum
 17614 | Lair:1   | Killed Grum
 18169 | Lair:2   | Noticed Urug
 18198 | Lair:2   | Killed Urug
 18531 | Lair:2   | Reached XP level 14. HP: 125/125 MP: 21/21
 19253 | Lair:3   | Noticed Nergalle
 19263 | Lair:3   | Killed Nergalle
 19374 | Lair:3   | Reached skill level 1 in Evocations
 19755 | Lair:3   | You fall into a shaft and drop 1 floor!
 19825 | Lair:4   | Reached skill level 12 in Fighting
 19887 | Lair:4   | Found a gate leading to a gauntlet.
 19894 | Lair:4   | Found a staircase to the Swamp.
 19896 | Gauntlet | Entered a Gauntlet
 19896 | Gauntlet | Found a transporter.
 19900 | Gauntlet | Found a transporter.
 19917 | Gauntlet | Found the ring of Shadows {Umbra +Inv Stlth+}
 19917 | Gauntlet | Found a transporter.
 19920 | Gauntlet | Found a transporter.
 19940 | Gauntlet | Found a transporter.
 19953 | Gauntlet | Found a transporter.
 19966 | Gauntlet | Found a transporter.
 19986 | Gauntlet | Found a transporter.
 19990 | Gauntlet | Found a transporter.
 19998 | Gauntlet | Found a transporter.
 20020 | Gauntlet | Found a transporter.
 20022 | Gauntlet | Found a transporter.
 20914 | Lair:4   | Found a staircase to the Snake Pit.
 21164 | Lair:4   | Found a runed translucent door.
 21708 | Lair:4   | Got a transparent great sword
 21717 | Lair:4   | Identified the +5 great sword of Defenestration {vamp,
                  | rElec MP+9 Str-4 SInv} (You found it on level 4 of the Lair
                  | of Beasts)
 22039 | Lair:5   | Got a smelly scale mail
 22161 | Lair:5   | Got a shimmering morningstar
 22883 | Lair:1   | Got a crystal spear
 22886 | Lair:1   | Identified the +5 spear of Conscience {holy, +Inv rPois
                  | Stlth-} (You found it on level 1 of the Lair of Beasts)
 22887 | Lair:1   | Identified the +2 morningstar of Valiance {chaos, rN+ MP-9
                  | Int+4} (You found it on level 5 of the Lair of Beasts)
 23550 | Lair:5   | Identified the cursed +0 scale mail of Conscience {rF-
                  | Regen+ Str+2 Int+5} (You found it on level 5 of the Lair of
                  | Beasts)
 23610 | Lair:6   | Entered Level 6 of the Lair of Beasts
 23721 | Lair:6   | Reached skill level 5 in Evocations
 24196 | Lair:6   | Found a runed translucent door.
 24323 | Lair:6   | Reached XP level 15. HP: 128/133 MP: 23/23
 24344 | Lair:6   | Paralysed by a hornet for 2 turns
 25411 | Lair:6   | Found a staircase to the Slime Pits.
 25412 | Lair:6   | Found a viscous altar of Jiyva.
 26052 | Orc:1    | Entered Level 1 of the Orcish Mines
 26151 | Orc:1    | Found a roughly hewn altar of Beogh.
 26201 | Orc:1    | Reached skill level 10 in Evocations
 26555 | Orc:2    | Entered Level 2 of the Orcish Mines
 26717 | Orc:2    | Found a staircase to the Elven Halls.
 27323 | Orc:2    | Reached skill level 1 in Throwing
 27567 | Orc:2    | Found Reuckal's Magic Scroll Shop.
 27567 | Orc:2    | Found Aryrir's Assorted Antiques.
 27568 | Orc:2    | Found Wyucoet's Assorted Antiques.
 27571 | Orc:2    | Found Vainop's General Store.
 27579 | Orc:2    | Bought a potion of experience for 600 gold pieces
 27579 | Orc:2    | Bought a scroll of enchant armour for 90 gold pieces
 27579 | Orc:2    | Bought a potion of heal wounds for 60 gold pieces
 27580 | Orc:2    | Bought a scroll of identify for 40 gold pieces
 27580 | Orc:2    | Bought a scroll of identify for 40 gold pieces
 27580 | Orc:2    | Bought a wand of polymorph (10) for 40 gold pieces
 27580 | Orc:2    | Bought a scroll of remove curse for 60 gold pieces
 27705 | Orc:2    | Reached skill level 13 in Fighting
 27705 | Orc:2    | Reached XP level 16. HP: 144/144 MP: 24/24
 27799 | Orc:2    | Bought a scroll of fear for 45 gold pieces
 27799 | Orc:2    | Bought a scroll of magic mapping for 45 gold pieces
 27799 | Orc:2    | Bought a scroll of teleportation for 39 gold pieces
 27950 | D:14     | Found a sparkling altar of Nemelex Xobeh.
 28790 | D:14     | Found a gate to the Vaults.
 29020 | D:15     | Entered Level 15 of the Dungeon
 29224 | D:15     | Reached XP level 17. HP: 91/151 MP: 6/25
 29847 | D:15     | Reached skill level 14 in Fighting
 29929 | D:15     | Found a staircase to the Depths.
 30085 | D:15     | Got a fine scale mail
 30086 | D:15     | Identified the +1 scale mail of Dishonour {rF+ rCorr Dex+4}
                  | (You found it on level 15 of the Dungeon)
 30262 | Snake:1  | Entered Level 1 of the Snake Pit
 31268 | Snake:1  | Found Dueng's Jewellery Emporium.
 31269 | Snake:1  | Found Bug Cir's Gadget Shop.
 31270 | Snake:1  | Found Rain's Jewellery Emporium.
 31283 | Snake:1  | Bought the ring "Ashiuwobb" {rElec rF+ rC+ Dex-5 Stlth+}
                  | for 595 gold pieces
 31288 | Snake:1  | Bought a wand of clouds (5) for 351 gold pieces
 33527 | Snake:2  | Found a transporter.
 33530 | Snake:2  | Noticed Lewno's ghost (journeyman DsBe)
 33608 | Snake:2  | Found a transporter.
 33622 | Snake:2  | You fall into a shaft and drop 1 floor!
 35026 | Snake:4  | Entered Level 4 of the Snake Pit
 35798 | Snake:4  | Reached XP level 18. HP: 161/161 MP: 27/27
 38822 | Snake:4  | Reached skill level 15 in Fighting
 39526 | Snake:4  | Got a serpentine rune of Zot
 39752 | Swamp:1  | Entered Level 1 of the Swamp
 39795 | Swamp:1  | Noticed Jorgrun
 39848 | Lair:4   | Killed Jorgrun
 40535 | Swamp:1  | Noticed Louise
 40574 | Swamp:1  | Cast into level 2 of the Abyss (Louise)
 40644 | Abyss:2  | HP: 6/163 [eidolon/bolt of negative energy (18)]
 40644 | Abyss:2  | Annihilated by a reaper

Levels and vault maps discovered:
D:1:      elethiomel_arrival_infinity_welcomes_careful_drivers, layout_basic,
          minmay_misc_feat_five, serial_bayou_lake_a
D:2:      layout_rooms, minmay_stone_trees_large, evilmike_ruin_ashenzari,
          uniq_jessica, uniq_natasha
D:3:      layout_basic, lemuel_round_altar, xom_teletrap_fun
D:4:      layout_basic, first_ration, bloody_makhleb
D:5:      layout_loops_corners, minmay_temple_entry_purple_smoke, basic_altar,
          kennysheep_boxes, uniq_ijyb, uniq_crazy_yiuf_cottage
D:6:      layout_loops_corners, nicolae_sextant, grunt_decor_clamped,
          hangedman_abyss_or_decor_slice, minmay_small_thing
D:7:      layout_loops_cross
D:8:      layout_basic, kennysheep_mini, hangedman_little_slice_of_home,
          uniq_harold, uniq_maggie
D:9:      layout_stronghold, lemuel_doored_altar, basic_altar
D:10:     layout_loops_ring, erik_lair_orcish_takeover, orc_0_dummy,
          okawaru_metal_pillars_1_2
D:11:     minmay_the_grid_triangle_9x9_recursive_3_mashed
          [minmay_the_grid_triangle_9x9_flanged_cone,
          minmay_the_grid_triangle_9x9_corrupted_corridor,
          minmay_the_grid_triangle_9x9_semitri,
          minmay_the_grid_triangle_9x9_prize_top_heavy,
          minmay_the_grid_triangle_9x9_longest,
          minmay_the_grid_triangle_9x9_skeleton,
          minmay_the_grid_triangle_9x9_from_above,
          minmay_the_grid_triangle_9x9_tough_junction,
          minmay_the_grid_triangle_9x9_sprig], layout_small_grid,
          dk_noncrumbling_2
D:12:     layout_stronghold, serial_bayou, serial_bayou_pond_d,
          serial_bayou_pond_d, serial_bayou_pond_a, serial_bayou_shore_b,
          serial_bayou_pond_d, corexii_hall_statues_deadend, zaba_antful_of_joy,
          uniq_maurice
D:13:     layout_irregular_city, serial_shops, nicolae_shop_stone,
          portal_ice_cave_entry_animals_and_master
D:14:     layout_irregular_city, hangedman_vaults_entry_quadrant_bands,
          basic_altar
D:15:     hangedman_depths_entry_civil_slaughter, layout_loops_ring
Temple:   dpeg_five_rooms_temple
Lair:1:   layout_small_grid, wad_woods_road_04, grunt_megastairs_5,
          serial_bayou_shore_b, minmay_lair_oklob_chamber,
          infiniplex_staircase_pool, uniq_grum
Lair:2:   layout_cave_pods, serial_bayou_pond_d, uniq_urug
Lair:3:   layout_cave_pods, lemuel_fruit_tree, uniq_nergalle
Lair:4:   gammafunk_lair_enchanted_lake, layout_regular_city,
          minmay_swamp_entry_eels, dummy_snake_entry, gauntlet_entry_generic,
          st_stairs_4
Lair:5:   layout_cave_pods, wad_woods_road_01, lemuel_old_faithful
Lair:6:   wormcave, layout_regular_city, hangedman_lair_tendril_chambers,
          slime_altar_1, infiniplex_staircase_pool_2
Swamp:1:  layout_falls_marsh, nicolae_swamp_fairy_circle,
          nicolae_swamp_alligator_family, uniq_kirke, uniq_louise, uniq_jorgrun
Snake:1:  layout_onion, special_room, minmay_shop_grove, serial_bayou_shore_a
Snake:2:  layout_misc_corridors, gammafunk_ghost_arena
Snake:3:  layout_rooms, st_stairs_13
Snake:4:  grunt_snake_rune_serpentine_throne, layout_rooms
Orc:1:    layout_diamond_mine, basic_altar, uniq_sonja
Orc:2:    st_orc_mages, layout_diamond_mine
Abyss:2:  base: D:15, guppyfry_abyss_exit_spiral_guarded

Skill      XL: |  1  2  3  4  5  6  7  8  9 10 11 12 13 14 15 16 17 18 |
---------------+-------------------------------------------------------+-----
Dodging        | 1 2 3 4 5 6 7 8 9 10 11 12 | 12.8
Fighting       | 4 5 6 7 8 9 10 11 12 13 14 15 | 15.2
Polearms       | 3 4 5 6 7 8 9 10 11 12 13 | 13.9
Armour         | 4 5 6 7 8 9 10 11 12 13 14 | 14.1
Shields        | 4 5 6 7 8 9 10 11 12 13 14 | 14.2
Invocations    | 2 4 6 8 9 11 12 13 14 | 14.8
Unarmed Combat | 2 4 6 7 8 |  8.2
Evocations     | 6 10 11 | 11.5
Throwing       | 1 |  1.9

Action                   |  1- 3 |  4- 6 |  7- 9 | 10-12 | 13-15 | 16-18 || total
-------------------------+-------+-------+-------+-------+-------+-------++-------
Melee: Trident           |    96 |   191 |   316 |   700 |  1028 |       ||  2331
       Headbutt          |     9 |    34 |    65 |   176 |   511 |   382 ||  1177
       Unarmed           |       |     2 |       |       |       |       ||     2
       Spear             |       |       |       |       |   938 |  2327 ||  3265
Throw: Dart              |       |       |     1 |     7 |       |       ||     8
       Boomerang         |       |       |       |       |    15 |   226 ||   241
       Javelin           |       |       |       |       |    40 |     1 ||    41
Invok: Renounce Religion |       |       |     1 |       |       |       ||     1
       Disaster Area     |       |       |       |       |     1 |     3 ||     4
       Elemental Force   |       |       |       |       |       |     1 ||     1
       Upheaval          |       |       |       |       |       |     6 ||     6
 Abil: Evoke Invisibilit |       |       |       |       |       |     3 ||     3
Evoke: Wand              |       |       |       |     3 |     7 |    21 ||    31
  Use: Scroll            |       |       |    15 |     7 |    15 |    19 ||    56
       Potion            |       |       |     3 |     3 |     3 |    16 ||    25
 Stab: Invisible         |       |       |       |       |       |     9 ||     9
       Paralysed         |       |       |       |       |       |     4 ||     4
  Eat: Chunk             |     1 |     6 |     9 |    14 |    33 |     7 ||    70
       Ration            |       |       |     3 |     1 |     4 |    11 ||    19
Armor: Chain mail        |    53 |    81 |    49 |       |       |       ||   183
       Scale mail        |     4 |       |       |       |       |       ||     4
       Plate armour      |       |       |    51 |   203 |   322 |   488 ||  1064
Dodge: Dodged            |    18 |    44 |    67 |   228 |   633 |   389 ||  1379
       Deflected         |       |       |       |       |    25 |    87 ||   112
Block: Kite shield       |    45 |   106 |   122 |   134 |       |       ||   407
       Buckler           |       |       |       |   180 |  1010 |   998 ||  2188
       Reflection        |       |       |       |    15 |    37 |   137 ||   189
       Tower shield      |       |       |       |       |       |   358 ||   358

Table legend:
 A = Non-vault XP
 B = Vault XP
 C = Vault XP percentage of total XP
 D = Non-vault monster count
 E = Vault monster count
 F = Vault count percentage of total count
                 A         B        C        D         E       F
            +---------+---------+-------+---------+---------+-------
      Total |  176667 |  120662 |  40.6 |     730 |     376 |  34.0
            +---------+---------+-------+---------+---------+-------
        D:1 |      14 |       0 |   0.0 |       9 |       0 |   0.0
        D:2 |     135 |      72 |  34.8 |      22 |       2 |   8.3
        D:3 |     117 |       0 |   0.0 |      23 |       0 |   0.0
        D:4 |     228 |       0 |   0.0 |      17 |       0 |   0.0
        D:5 |     417 |      36 |   7.9 |      17 |       1 |   5.6
        D:6 |     607 |     454 |  42.8 |      18 |       2 |  10.0
        D:7 |     657 |       0 |   0.0 |      22 |       0 |   0.0
        D:8 |    1820 |    1588 |  46.6 |      40 |      10 |  20.0
        D:9 |    2115 |       0 |   0.0 |      21 |       0 |   0.0
       D:10 |    4733 |     718 |  13.2 |      35 |      10 |  22.2
       D:11 |    3700 |    9843 |  72.7 |      36 |      31 |  46.3
       D:12 |    6337 |    7495 |  54.2 |      32 |      40 |  55.6
       D:13 |    7998 |    1862 |  18.9 |      42 |       8 |  16.0
       D:14 |   10992 |    3629 |  24.8 |      36 |      16 |  30.8
       D:15 |   10939 |    3954 |  26.5 |      35 |       6 |  14.6
     Lair:1 |    2995 |    1101 |  26.9 |      15 |       5 |  25.0
     Lair:2 |    4529 |     815 |  15.3 |      16 |       1 |   5.9
     Lair:3 |    4068 |     792 |  16.3 |      19 |       1 |   5.0
     Lair:4 |    7224 |    7463 |  50.8 |      21 |      16 |  43.2
     Lair:5 |    6086 |     493 |   7.5 |      16 |       1 |   5.9
     Lair:6 |   13894 |   16508 |  54.3 |      39 |      55 |  58.5
    Swamp:1 |    9359 |       0 |   0.0 |      22 |       0 |   0.0
    Snake:1 |   19133 |       0 |   0.0 |      31 |       0 |   0.0
    Snake:2 |   19915 |       0 |   0.0 |      42 |       0 |   0.0
    Snake:3 |   13372 |     905 |   6.3 |      24 |       1 |   4.0
    Snake:4 |   15825 |   46325 |  74.5 |      34 |      68 |  66.7
      Orc:1 |    7448 |       0 |   0.0 |      19 |       0 |   0.0
      Orc:2 |    1793 |    5590 |  75.7 |      26 |      38 |  59.4
    Abyss:2 |     217 |    1050 |  82.9 |       1 |       3 |  75.0
      IceCv |       0 |    6811 | 100.0 |       0 |      54 | 100.0
   Gauntlet |       0 |    3158 | 100.0 |       0 |       7 | 100.0
            +---------+---------+-------+---------+---------+-------
